 Dungeon Crawl Stone Soup version 0.22-a0-305-gd21a89c (webtiles) character file.

84 Borgoz the Skirmisher (level 4, -3/40 HPs)
             Began as a Hill Orc Abyssal Knight on Mar 31, 2018.
             Was a Follower of Lugonu.
             Killed by nerve-wracking pain
             ... invoked by an orc priest
              (14 damage)
             ... on level 3 of the Dungeon.
             The game lasted 00:03:28 (2006 turns).

Borgoz the Skirmisher (Hill Orc Abyssal Knight)     Turns: 2006, Time: 00:03:30

Health: -3/40      AC:  3    Str: 14    XL:     4   Next: 45%
Magic:  6/6        EV: 11    Int: 12    God:    Lugonu [*.....]
Gold:   6          SH:  0    Dex: 11    Spells: 3/3 levels left

rFire    . . .     SeeInvis .   a - +1 hand axe
rCold    . . .     Gourm    .   (no shield)
rNeg     . . .     Faith    .   b - +0 leather armour
rPois    .         Spirit   .   (no helmet)
rElec    .         Reflect  .   (no cloak)
rCorr    .         Harm     .   (no gloves)
MR       .....                  (no boots)
Stlth    +.........             (no amulet)
HPRegen  0.13/turn              (no ring)
MPRegen  0.10/turn              (no ring)

@: no status effects
A: no striking features
a: Depart the Abyss, Renounce Religion, Convert to Beogh


You were on level 3 of the Dungeon.
You worshipped Lugonu.
Lugonu was aware of your devotion.
You were not hungry.

You visited 1 branch of the dungeon, and saw 3 of its levels.
You visited the Abyss 1 time.

You collected 6 gold pieces.

Inventory:

Hand Weapons
 a - a +1 hand axe (weapon)
Armour
 b - a +0 leather armour (worn)
Jewellery
 f - an uncursed ring of magical power {unknown}
Scrolls
 d - a scroll of identify {unknown}
 e - 2 scrolls of remove curse {unknown}
 h - a scroll of immolation {unknown}
 i - a scroll of random uselessness {unknown}
Potions
 j - a potion of heal wounds {unknown}
Comestibles
 c - 2 rations
 g - a chunk of flesh


   Skills:
 + Level 4.2 Fighting
 + Level 3.5 Axes
 + Level 3.0 Armour
 + Level 1.5 Dodging
 + Level 3.4 Invocations


You had 3 spell levels left.
You didn't know any spells.

Dungeon Overview and Level Annotations

Branches:
Dungeon (3/15)

Altars:

Annotations:
D:2 Sigmund


Message History

You hit the orc priest but do no damage.
The orc priest barely misses you. The bat barely misses you.
The orc hits you with a hand axe.
The orc priest calls upon Beogh to heal the orc.
The orc's wounds heal themselves!
You are too injured to fight recklessly!
You are too injured to fight recklessly!
You are too injured to fight recklessly!
You barely miss the orc priest. You hit the bat but do no damage.
You closely miss the orc. The bat hits you but does no damage.
The orc hits you with a hand axe. The orc priest closely misses you.
You hit the orc priest.
The orc priest is moderately wounded.
You hit the orc.
The orc priest threatens, "By the altar or by the axe, you will meet Beogh!"
The bat hits you but does no damage. The orc hits you with a hand axe.
* * * LOW HITPOINT WARNING * * *
The orc priest calls down the wrath of Beogh upon you.
Pain shoots through your body!
You die...

.........# #.#
.......#o###.#
..........##.##
..........o...#
.......####.#.######
.###### #........#
####.....# ##.o..#
#@b..# #.o..# ######


You could see an orc priest, an orc and a bat.

Vanquished Creatures
  2 adders (D:2)
  3 oozes (D:1)
  2 worms (D:2)
  A dart slug (D:2)
  A leopard gecko (D:1)
  2 orcs (D:2)
  7 bats
  3 giant cockroaches
  3 goblins (D:1)
  2 hobgoblins
  4 jackals (D:2)
  2 ball pythons
  A frilled lizard (D:1)
  3 kobolds
  7 rats
43 creatures vanquished.

Notes
Turn   | Place    | Note
-------+----------+-------------------------------------------
     0 | Abyss:1  | Borgoz the Hill Orc Abyssal Knight began the quest for the Orb.
     0 | Abyss:1  | Reached XP level 1. HP: 19/19 MP: 2/2
     8 | Abyss:1  | Found a corrupted altar of Lugonu.
    26 | Abyss:1  | Noticed a smoke demon
    26 | Abyss:1  | Noticed an efreet
    27 | D:1      | Escaped the Abyss
    74 | D:1      | Reached skill level 1 in Dodging
    74 | D:1      | Reached XP level 2. HP: 23/27 MP: 3/3
   128 | D:1      | Reached * piety under Lugonu
   237 | D:1      | Reached XP level 3. HP: 26/33 MP: 5/5
   368 | D:1      | Reached skill level 4 in Fighting
  1121 | D:2      | Reached XP level 4. HP: 23/40 MP: 6/6
  1632 | D:2      | Noticed Sigmund
  2006 | D:3      | Killed from afar by an orc priest

Vault maps used:
D:1:      erik_arrival_gehennom
D:2:      first_ration, okawaru_altar_gauntlet_db, uniq_sigmund
D:3:      grunt_temple_overflow_gold_and_silver, kennysheep_generic_room_10

Skill      XL: |  1  2  3  4 |
---------------+-------------+-----
Dodging        | 1 |  1.5
Axes           | 3 |  3.5
Invocations    | 3 |  3.4
Fighting       | 4 |  4.2
Armour         | 3 |  3.0

Action                   |  1- 3 |  4- 6 || total
-------------------------+-------+-------++-------
Melee: Hand axe          |    97 |    63 ||   160
Invok: Depart the Abyss  |     1 |       ||     1
 Stab: Sleeping          |     1 |       ||     1
  Eat: Chunk             |     1 |     3 ||     4
Armor: Leather armour    |    40 |    27 ||    67
Dodge: Dodged            |    69 |    57 ||   126

Table legend:
 A = Spawn XP
 B = Non-spawn XP
 C = Spawn XP percentage of total XP
 D = Spawn monster count
 E = Non-spawn monster count
 F = Spawn count percentage of total count
 G = Total turns spent on level
                    A         B        C        D         E        F      G
               +---------+---------+-------+---------+---------+-------+---------
         Total |       0 |     120 |   0.0 |       0 |      43 |   0.0 |  2006
               +---------+---------+-------+---------+---------+-------+---------
           D:1 |       0 |      56 |   0.0 |       0 |      26 |   0.0 |  1282
           D:2 |       0 |      64 |   0.0 |       0 |      17 |   0.0 |   657
               +---------+---------+-------+---------+---------+-------+---------
